[ AOE2 MATCH · #495565928 ]
UnrankedKhmer vs Spanish
[ REPLAY ANALYSIS · EXTRACTED FROM THE RECORDED GAME ]
Feudal
9:33
Castle
—
Imperial
—
| APM avg | 14.2 |
| APM peak | 30 |
| eAPM avg | 10.2 |
| Villagers / military | 21 / 0 |
Focus
⚔️ 4.5% · 🌾 95.5%
Feudal
7:36
Castle
—
Imperial
—
| APM avg | 14.6 |
| APM peak | 32 |
| eAPM avg | 8.8 |
| Villagers / military | 18 / 0 |
Focus
⚔️ 11.4% · 🌾 88.6%
Feudal
6:46
Castle
—
Imperial
—
| APM avg | 29.1 |
| APM peak | 73 |
| eAPM avg | 13.7 |
| Villagers / military | 15 / 0 |
Focus
⚔️ 25.7% · 🌾 74.3%
Feudal
6:53
Castle
—
Imperial
—
| APM avg | 20.0 |
| APM peak | 28 |
| eAPM avg | 13.0 |
| Villagers / military | 31 / 0 |
Focus
⚔️ 24.5% · 🌾 75.5%
Feudal
7:36
Castle
—
Imperial
—
| APM avg | 24.2 |
| APM peak | 51 |
| eAPM avg | 9.5 |
| Villagers / military | 15 / 0 |
Focus
⚔️ 22.1% · 🌾 77.9%
Feudal
9:39
Castle
—
Imperial
—
| APM avg | 9.9 |
| APM peak | 22 |
| eAPM avg | 7.3 |
| Villagers / military | 24 / 0 |
Focus
⚔️ 0.0% · 🌾 100.0%
Feudal
7:12
Castle
—
Imperial
—
| APM avg | 21.5 |
| APM peak | 69 |
| eAPM avg | 13.2 |
| Villagers / military | 16 / 0 |
Focus
⚔️ 14.0% · 🌾 86.0%
Feudal
7:37
Castle
—
Imperial
—
| APM avg | 41.0 |
| APM peak | 66 |
| eAPM avg | 24.4 |
| Villagers / military | 22 / 0 |
Focus
⚔️ 24.5% · 🌾 75.5%
Match map
Initial resources + every placement click. Lines = walls · curves = elevation contours. ◆ gold · ⬟ stone · ● berries · ✦ relic · ◌ wall gap
Your base
Dinsomnia's base· ✓ Closed at 9:20 · 0t walls · 6 gate(s)
Vpnenjoyer's base· ✓ Closed at 8:35 · 0t walls · 7 gate(s)
Murschann's base
Nova_Wolf's base· ✓ Closed at 8:39 · 0t walls · 8 gate(s)
FAILEDFEMBOY's base
Egbert's base· ✓ Closed at 8:00 · 0t walls · 7 gate(s)
VIT | Hera's base· ✓ Closed at 8:32 · 0t walls · 8 gate(s)
Smoothed initial terrain · ◌ = detected wall gap · hover for details
Inputs per minute
— noloomregret - - Dinsomnia
Build order — noloomregret
33 actions detected in the replay
| 0:01 | Create | Villager (Male) |
| 0:02 | Create | Villager (Male) |
| 0:18 | Build | Lumber Camp |
| 0:19 | Create | Villager (Male) |
| 0:19 | Create | Villager (Male) |
| 0:20 | Create | Villager (Male) |
| 0:22 | Build | Farm |
| 0:23 | Build | Farm |
| 0:23 | Build | Farm |
| 0:55 | Create | Villager (Male) |
| 1:28 | Create | Villager (Male) |
| 1:38 | Create | Villager (Male) |
| 1:53 | Build | Mill |
| 2:12 | Create | Villager (Male) |
| 2:28 | Create | Villager (Male) |
| 3:04 | Create | Villager (Male) |
| 4:28 | Create | Villager (Male) |
| 4:28 | Create | Villager (Male) |
| 4:40 | Create | Villager (Male) |
| 4:41 | Create | Villager (Male) |
| 4:59 | Create | Villager (Male) |
| 5:21 | Create | Villager (Male) |
| 5:39 | Create | Villager (Male) |
| 6:01 | Build | Mining Camp |
| 6:31 | Create | Villager (Male) |
| 6:31 | Create | Villager (Male) |
| 6:44 | Build | Farm |
| 6:59 | Research | Feudal Age |
| 7:20 | Create | Villager (Male) |
| 7:27 | Build | Farm |
| 7:55 | Build | Farm |
| 7:56 | Build | Farm |
| 9:33 | Age | Feudal Age |
Build order — Dinsomnia
31 actions detected in the replay
| 0:01 | Create | Villager (Male) ×4 |
| 0:05 | Build | Lumber Camp |
| 0:34 | Build | Mill |
| 1:16 | Create | Villager (Male) |
| 2:03 | Create | Villager (Male) |
| 2:04 | Create | Villager (Male) |
| 2:17 | Create | Villager (Male) |
| 2:17 | Create | Villager (Male) |
| 2:18 | Create | Villager (Male) |
| 2:18 | Create | Villager (Male) |
| 3:27 | Build | Lumber Camp |
| 3:37 | Create | Villager (Male) |
| 4:19 | Create | Villager (Male) |
| 4:40 | Build | Farm |
| 4:45 | Create | Villager (Male) |
| 5:06 | Build | Farm |
| 5:22 | Build | Mining Camp |
| 5:24 | Research | Feudal Age |
| 6:37 | Create | Villager (Male) |
| 6:45 | Build | Farm |
| 7:27 | Build | Farm |
| 7:36 | Age | Feudal Age |
| 7:53 | Build | Market |
| 7:57 | Create | Villager (Male) |
| 8:05 | Build | Farm |
| 8:23 | Build | Blacksmith |
| 8:29 | Create | Villager (Male) |
| 8:33 | Build | Farm |
| 8:53 | Create | Villager (Male) |
| 8:58 | Build | Farm |
| 9:20 | Research | Castle Age |
Build order — Vpnenjoyer
30 actions detected in the replay
| 0:01 | Create | Villager (Male) |
| 0:02 | Create | Villager (Male) |
| 0:05 | Build | Lumber Camp |
| 0:09 | Build | Mill |
| 0:11 | Create | Villager (Male) |
| 0:16 | Create | Villager (Male) |
| 1:18 | Create | Villager (Male) |
| 1:38 | Create | Villager (Male) |
| 1:57 | Create | Villager (Male) |
| 2:25 | Create | Villager (Male) |
| 3:21 | Create | Villager (Male) |
| 3:28 | Create | Villager (Male) |
| 4:11 | Create | Villager (Male) |
| 4:23 | Research | Feudal Age |
| 4:23 | Research | Feudal Age |
| 4:35 | Build | Mining Camp |
| 4:42 | Build | Farm |
| 5:33 | Build | Farm |
| 6:16 | Create | Villager (Male) |
| 6:17 | Create | Villager (Male) |
| 6:33 | Build | Farm |
| 6:46 | Age | Feudal Age |
| 6:49 | Build | Market |
| 7:19 | Create | Villager (Male) |
| 7:33 | Build | Blacksmith |
| 8:02 | Create | Villager (Male) |
| 8:35 | Research | Castle Age |
| 8:49 | Build | Lumber Camp |
| 9:04 | Research | Double-Bit Axe |
| 9:04 | Research | Double-Bit Axe |
Build order — Murschann
49 actions detected in the replay
| 0:07 | Create | Villager (Male) |
| 0:08 | Create | Villager (Male) |
| 0:08 | Create | Villager (Male) |
| 0:16 | Build | Lumber Camp |
| 0:18 | Create | Villager (Male) |
| 0:18 | Create | Villager (Male) |
| 0:28 | Build | Mill |
| 1:34 | Create | Villager (Male) |
| 1:35 | Create | Villager (Male) |
| 2:17 | Create | Villager (Male) |
| 2:17 | Create | Villager (Male) |
| 2:42 | Create | Villager (Male) |
| 2:43 | Create | Villager (Male) |
| 2:44 | Create | Villager (Male) |
| 2:45 | Create | Villager (Male) |
| 2:45 | Create | Villager (Male) |
| 2:59 | Create | Villager (Male) |
| 2:59 | Create | Villager (Male) |
| 3:25 | Create | Villager (Male) |
| 3:52 | Create | Villager (Male) |
| 4:17 | Create | Villager (Male) |
| 4:23 | Build | Mining Camp |
| 4:25 | Create | Villager (Male) |
| 4:37 | Research | Feudal Age |
| 5:02 | Build | Lumber Camp |
| 5:10 | Build | Farm |
| 5:13 | Build | Farm |
| 5:18 | Build | Farm |
| 5:22 | Create | Villager (Male) |
| 5:22 | Create | Villager (Male) |
| 5:50 | Create | Villager (Male) |
| 5:50 | Create | Villager (Male) |
| 6:53 | Age | Feudal Age |
| 6:56 | Build | Stable |
| 7:01 | Build | Blacksmith |
| 7:19 | Create | Villager (Male) |
| 7:25 | Research | Horse Collar |
| 7:34 | Research | Double-Bit Axe |
| 7:39 | Create | Villager (Male) |
| 7:53 | Build | Farm |
| 8:09 | Build | Farm |
| 8:12 | Create | Villager (Male) |
| 8:39 | Build | Farm |
| 8:44 | Build | Farm |
| 8:46 | Create | Villager (Male) |
| 9:06 | Create | Villager (Male) |
| 9:30 | Create | Villager (Male) |
| 9:40 | Build | Farm |
| 9:44 | Create | Villager (Male) |
Build order — Nova_Wolf
26 actions detected in the replay
| 0:01 | Create | Villager (Male) ×4 |
| 0:09 | Build | Mill |
| 0:43 | Build | Lumber Camp |
| 1:19 | Create | Villager (Male) |
| 1:26 | Create | Villager (Male) |
| 2:13 | Create | Villager (Male) |
| 2:24 | Create | Villager (Male) |
| 2:25 | Create | Villager (Male) |
| 2:26 | Create | Villager (Male) |
| 2:58 | Create | Villager (Male) |
| 3:08 | Create | Villager (Male) |
| 3:18 | Build | Farm |
| 3:25 | Build | Farm |
| 3:49 | Create | Villager (Male) |
| 4:25 | Build | Farm |
| 4:45 | Research | Feudal Age |
| 5:20 | Build | Mining Camp |
| 7:36 | Age | Feudal Age |
| 7:38 | Create | Villager (Male) |
| 7:38 | Create | Villager (Male) |
| 7:41 | Build | Market |
| 7:44 | Build | Blacksmith |
| 8:16 | Research | Loom |
| 8:39 | Research | Castle Age |
| 9:09 | Research | Horse Collar |
| 9:09 | Research | Horse Collar |
Build order — FAILEDFEMBOY
35 actions detected in the replay
| 0:09 | Create | Villager (Male) |
| 0:09 | Create | Villager (Male) |
| 0:10 | Create | Villager (Male) |
| 0:10 | Create | Villager (Male) |
| 0:21 | Build | Mining Camp |
| 1:10 | Create | Villager (Male) |
| 1:10 | Create | Villager (Male) |
| 1:27 | Build | Lumber Camp |
| 1:45 | Create | Villager (Male) |
| 2:11 | Create | Villager (Male) |
| 2:11 | Create | Villager (Male) |
| 2:43 | Build | Mill |
| 2:47 | Create | Villager (Male) |
| 2:48 | Create | Villager (Male) |
| 3:15 | Create | Villager (Male) |
| 3:15 | Create | Villager (Male) |
| 3:57 | Create | Villager (Male) |
| 3:57 | Create | Villager (Male) |
| 3:57 | Create | Villager (Male) |
| 4:31 | Create | Villager (Male) |
| 4:32 | Create | Villager (Male) |
| 4:32 | Create | Villager (Male) |
| 4:53 | Build | Farm |
| 5:16 | Create | Villager (Male) |
| 5:16 | Create | Villager (Male) |
| 5:17 | Create | Villager (Male) |
| 5:25 | Build | Farm |
| 5:49 | Build | Farm |
| 6:11 | Build | Farm |
| 6:31 | Build | Farm |
| 7:29 | Research | Feudal Age |
| 7:32 | Create | Villager (Male) |
| 7:54 | Create | Villager (Male) |
| 7:57 | Research | Loom |
| 9:39 | Age | Feudal Age |
Build order — Egbert
30 actions detected in the replay
| 0:02 | Create | Villager (Male) |
| 0:02 | Create | Villager (Male) |
| 0:22 | Create | Villager (Male) |
| 0:33 | Build | Lumber Camp |
| 0:37 | Build | Mill |
| 0:44 | Create | Villager (Male) |
| 0:44 | Create | Villager (Male) |
| 1:09 | Create | Villager (Male) |
| 2:01 | Create | Villager (Male) |
| 2:16 | Create | Villager (Male) |
| 2:27 | Create | Villager (Male) |
| 3:03 | Create | Villager (Male) |
| 3:15 | Create | Villager (Male) |
| 3:57 | Build | Mining Camp |
| 4:08 | Create | Villager (Male) |
| 4:23 | Create | Villager (Male) |
| 4:56 | Research | Feudal Age |
| 6:08 | Create | Villager (Male) |
| 6:11 | Create | Villager (Male) |
| 7:12 | Age | Feudal Age |
| 7:14 | Build | Market |
| 7:16 | Build | Blacksmith |
| 8:00 | Research | Castle Age |
| 8:01 | Research | Castle Age |
| 8:14 | Build | Farm |
| 8:18 | Research | Double-Bit Axe |
| 8:19 | Research | Double-Bit Axe |
| 9:09 | Create | Villager (Male) |
| 9:29 | Build | Farm |
| 9:29 | Build | Farm |
Build order — VIT | Hera
32 actions detected in the replay
| 0:02 | Create | Villager (Male) |
| 0:03 | Create | Villager (Male) |
| 0:05 | Build | Mill |
| 0:20 | Build | Lumber Camp |
| 0:45 | Create | Villager (Male) |
| 0:45 | Create | Villager (Male) |
| 0:46 | Create | Villager (Male) |
| 1:00 | Create | Villager (Male) |
| 1:00 | Create | Villager (Male) |
| 1:28 | Create | Villager (Male) |
| 1:28 | Create | Villager (Male) |
| 1:28 | Create | Villager (Male) |
| 2:23 | Create | Villager (Male) |
| 3:03 | Build | Farm |
| 3:20 | Create | Villager (Male) |
| 3:21 | Create | Villager (Male) ×5 |
| 3:32 | Create | Villager (Male) |
| 3:32 | Create | Villager (Male) |
| 4:28 | Create | Villager (Male) |
| 4:50 | Build | Farm |
| 4:51 | Build | Farm |
| 4:54 | Build | Farm |
| 4:55 | Build | Farm |
| 5:08 | Build | Mining Camp |
| 5:24 | Research | Feudal Age |
| 5:24 | Research | Feudal Age |
| 7:11 | Create | Villager (Male) |
| 7:37 | Age | Feudal Age |
| 7:39 | Build | Market |
| 7:40 | Build | Blacksmith |
| 7:55 | Create | Villager (Male) |
| 8:32 | Research | Castle Age |
Match timeline
| 6:46 | Vpnenjoyer · age_up feudal |
| 6:53 | Murschann · age_up feudal |
| 6:56 | Murschann · first_building Stable |
| 7:12 | Egbert · age_up feudal |
| 7:36 | Dinsomnia · age_up feudal |
| 7:36 | Nova_Wolf · age_up feudal |
| 7:37 | VIT | Hera · age_up feudal |
| 9:33 | noloomregret · age_up feudal |
| 9:36 | noloomregret · resign |
| 9:39 | FAILEDFEMBOY · age_up feudal |
[ AI ANALYSIS · 1 CREDIT ]
What really happened in this match?
Wolo.gg analyzes every decision: build order, eco, micro, common mistakes by bracket. Personalized analysis on WhatsApp or Discord in 30 seconds.
Civ guide
Khmer
Perfil
Jugador #3095505